[Event "November 21 Late 2023"]
[Site "https://www.chess.com"]
[Date "2023.11.21"]
[Round "2"]
[White "Kamsky, Gata"]
[Black "Liang, Justin"]
[Result "1-0"]
[Board "32"]
[TimeControl "180+1"]
[WhiteFideId "2000024"]
[BlackFideId "2099942"]
[WhiteElo "2660"]
[BlackElo "2565"]
[WhiteTeam "USA"]
[BlackTeam "USA"]
[WhiteClock "0:00:52"]
[BlackClock "0:00:00"]

1. d4 Nf6 2. Nf3 e6 3. Bf4 c5 4. e3 b6 5. Nbd2 Bb7 6. a4 cxd4 7. exd4 a6 8. h3 d6 9. Bd3 Be7 10. O-O O-O 11. Re1 Nbd7 12. Bh2 Re8 13. a5 b5 14. c4 bxc4 15. Nxc4 Nf8 16. Nb6 Ra7 17. Nd2 Nd5 18. Ndc4 Bc6 19. Nxd5 Bxd5 20. Nb6 Bc6 21. Rc1 Bb7 22. Qa4 Bf6 23. Rc3 e5 24. d5 e4 25. Rb3 e3 26. fxe3 Bh4 27. Re2 Bg5 28. Bf4 Bf6 29. Bxd6 Ng6 30. Bc7 Qe7 31. d6 Qe6 32. d7 Rf8 33. Qc4 1-0

[Event "November 21 Late 2023"]
[Site "https://www.chess.com"]
[Date "2023.11.21"]
[Round "2"]
[White "WindWhistler11"]
[Black "Sjugirov, Sanan"]
[Result "0-1"]
[Board "33"]
[TimeControl "180+1"]
[BlackFideId "4189302"]
[WhiteElo "2565"]
[BlackElo "2569"]
[BlackTeam "HUN"]
[WhiteClock "0:00:00"]
[BlackClock "0:01:46"]

1. Nf3 d5 2. b3 Bf5 3. Bb2 e6 4. e3 h6 5. Bd3 Bxd3 6. cxd3 Nf6 7. O-O Be7 8. Qe2 O-O 9. Nc3 Nbd7 10. Rac1 c6 11. a3 a5 12. Na4 Re8 13. h3 Bd6 14. e4 e5 15. Nc3 Qb6 16. Rb1 d4 17. Na2 Qxb3 18. Nc1 Qe6 19. Nh4 b5 20. Nf5 Bf8 21. f4 c5 22. a4 bxa4 23. Qd1 g6 24. Ng3 exf4 25. Rxf4 Bd6 26. Rf3 Reb8 27. Qxa4 Rb4 28. Qc2 Rab8 29. Nce2 a4 0-1

[Event "November 21 Late 2023"]
[Site "https://www.chess.com"]
[Date "2023.11.21"]
[Round "2"]
[White "mind1mover"]
[Black "Tikhonov, Viacheslav"]
[Result "1-0"]
[Board "34"]
[TimeControl "180+1"]
[BlackFideId "44196407"]
[WhiteElo "2875"]
[BlackElo "2191"]
[BlackTeam "RUS"]
[WhiteClock "0:00:03"]
[BlackClock "0:00:00"]

1. Nf3 g6 2. g3 Bg7 3. Bg2 Nf6 4. O-O O-O 5. c4 c6 6. b3 d5 7. Bb2 Bg4 8. d3 Bxf3 9. Bxf3 e6 10. Nd2 a5 11. a3 Re8 12. Bg2 Nbd7 13. Rc1 Qb6 14. Qc2 h5 15. h3 Rac8 16. Nf3 Nc5 17. Bd4 Nfd7 18. Bxg7 Kxg7 19. Qc3+ e5 20. b4 axb4 21. axb4 Na6 22. cxd5 cxd5 23. Qxc8 Rxc8 24. Rxc8 Qxb4 25. Ng5 Qd6 26. Rb1 b6 27. Ra1 Ndc5 28. h4 Qd7 29. Bh3 f5 30. Ra8 Qb7 31. Ne6+ Kf6 32. Nxc5 Nxc5 33. R1a7 Qc6 34. Rf8+ Ke6 35. Rg7 Qa4 36. Rxg6+ Ke7 37. Rxf5 Qd1+ 38. Bf1 Nd7 39. Rxh5 b5 40. Rh7+ Kd8 41. Rg8+ Kc7 42. Rgg7 b4 43. Rxd7+ Kc6 44. Rc7+ Kd6 45. Rhd7+ Ke6 46. Rb7 b3 47. Rdc7 Kd6 48. Rc8 Qa1 49. Rd8+ 1-0

[Event "November 21 Late 2023"]
[Site "https://www.chess.com"]
[Date "2023.11.21"]
[Round "2"]
[White "Deng, Henry"]
[Black "Remizov, Yaroslav"]
[Result "1/2-1/2"]
[Board "35"]
[TimeControl "180+1"]
[WhiteFideId "30965454"]
[BlackFideId "34134015"]
[WhiteElo "2559"]
[BlackElo "2420"]
[WhiteTeam "USA"]
[BlackTeam "RUS"]
[WhiteClock "0:00:29"]
[BlackClock "0:00:18"]

1. e4 c6 2. d4 d5 3. Nd2 dxe4 4. Nxe4 Nf6 5. Nxf6+ exf6 6. c3 Bd6 7. Bd3 O-O 8. Qc2 Re8+ 9. Ne2 h5 10. O-O Qc7 11. h3 Nd7 12. Bd2 Nf8 13. Rae1 Be6 14. c4 Rad8 15. f4 Bc8 16. f5 c5 17. d5 Nd7 18. b3 Ne5 19. Be4 b5 20. cxb5 a6 21. Nf4 h4 22. Bc1 axb5 23. Qf2 c4 24. Qxh4 Nd3 25. Bxd3 cxd3 26. Nxd3 Rxe1 27. Qxe1 Qc2 28. Qd2 Qc7 29. Kh1 Bb7 30. Bb2 Bxd5 31. Nf4 Be4 32. Qe2 Bxf5 33. Nd5 Qc2 34. Qxc2 Bxc2 35. Rc1 Be4 36. Nc3 Bc6 37. Ne2 Bb7 38. Nd4 Be5 39. Rd1 b4 40. Rd2 Ra8 41. Nf3 Rxa2 42. Nxe5 fxe5 43. Bc3 Ra4 44. Bxe5 Ra3 45. Rd8+ Kh7 46. Rd7 Be4 47. Rxf7 Rxb3 48. Rxg7+ Kh6 49. Rg3 Rxg3 50. Bxg3 b3 51. Be5 Kg5 52. Kg1 Kf5 53. Bb2 Ke6 54. Kf2 Bg6 55. g4 Kf7 56. Kg3 Kg8 57. Kf4 Kh7 58. h4 Bf7 59. Ke5 Be8 60. Kf6 Bd7 61. g5 Be8 62. Bc3 Bh5 63. Bb2 Bg6 64. Ke5 Bh5 65. Kd4 Bg6 66. Kc4 Bf7+ 67. Kb4 Kg6 68. Kc3 Kh5 69. Kd2 Kxh4 70. Bf6 Bg6 71. Kc1 Kg4 72. Kb2 Bf7 73. Be7 Kf5 74. Bf6 Kg6 75. Be5 Be6 76. Bc3 Bf7 77. Bd4 Be6 78. Bc3 Bf7 79. Bd4 Be6 80. Bc3 1/2-1/2

[Event "November 21 Late 2023"]
[Site "https://www.chess.com"]
[Date "2023.11.21"]
[Round "2"]
[White "Rustemov, Alexander"]
[Black "Ozates, Tuna"]
[Result "1-0"]
[Board "36"]
[TimeControl "180+1"]
[WhiteFideId "4119002"]
[BlackFideId "6354521"]
[WhiteElo "2868"]
[BlackElo "2151"]
[WhiteTeam "RUS"]
[BlackTeam "TUR"]
[WhiteClock "0:00:19"]
[BlackClock "0:00:05"]

1. d4 Nf6 2. c4 e6 3. Nf3 d5 4. cxd5 exd5 5. Nc3 h6 6. Bf4 c6 7. Qc2 Bd6 8. Be5 Bxe5 9. Nxe5 Nbd7 10. Nf3 O-O 11. e3 Re8 12. Bd3 b5 13. O-O a5 14. a4 b4 15. Nb1 Bb7 16. Nbd2 Rc8 17. Nb3 Ne4 18. Rfc1 c5 19. dxc5 Ndxc5 20. Nxc5 Nxc5 21. Bb5 Re6 22. Nd4 Rg6 23. Qd1 Qg5 24. Bf1 Ne4 25. Rxc8+ Bxc8 26. Rc1 Bg4 27. Qe1 Rf6 28. Rc2 h5 29. f4 Qg6 30. Bd3 Bf5 31. Rc7 Nd6 32. Bxf5 Nxf5 33. Rc8+ Kh7 34. Nf3 Qg4 35. Ne5 Qh4 36. Qxh4 Nxh4 37. g3 Nf5 38. Kf2 d4 39. exd4 Nxd4 40. Rc5 g5 41. Nd3 Re6 42. fxg5 Re2+ 43. Kf1 Rxh2 44. Rxa5 Nf3 45. Rf5 Nd2+ 46. Ke1 Kg6 47. Rf2 Rxf2 48. Kxf2 Kxg5 49. Nxb4 f5 50. a5 f4 51. a6 Nc4 52. b3 Nb6 53. a7 fxg3+ 54. Kxg3 h4+ 55. Kh3 Kh5 56. Nd5 Na8 57. b4 Kg6 58. b5 Kf7 59. b6 1-0

[Event "November 21 Late 2023"]
[Site "https://www.chess.com"]
[Date "2023.11.21"]
[Round "2"]
[White "Jovic, Stanoje"]
[Black "Kovalev, Vladislav"]
[Result "0-1"]
[Board "37"]
[TimeControl "180+1"]
[WhiteFideId "905020"]
[BlackFideId "13504398"]
[WhiteElo "2249"]
[BlackElo "2539"]
[WhiteTeam "SRB"]
[BlackTeam "FID"]
[WhiteClock "0:00:00"]
[BlackClock "0:01:02"]

1. c4 g6 2. g3 Bg7 3. Bg2 e5 4. Nc3 d6 5. Nf3 f5 6. d3 Nf6 7. O-O O-O 8. Rb1 Nc6 9. b4 h6 10. b5 Ne7 11. a4 g5 12. a5 Rb8 13. Be3 b6 14. a6 f4 15. Bd2 Ng6 16. Ne1 h5 17. Nc2 h4 18. Nb4 Bd7 19. Ncd5 hxg3 20. Nxf6+ Qxf6 21. Nd5 gxh2+ 22. Kh1 Qf5 23. Be4 Qh3 24. Bxg6 g4 25. Be4 f3 26. exf3 gxf3 27. Ne7+ Kf7 28. Qxf3+ Qxf3+ 29. Bxf3 Kxe7 30. Bg5+ Bf6 31. Bxf6+ Rxf6 32. Be4 Bh3 33. Bg2 Bxg2+ 34. Kxg2 Rg8+ 35. Kh1 Rf3 36. Rbd1 Rg4 37. Kxh2 Rf8 0-1

[Event "November 21 Late 2023"]
[Site "https://www.chess.com"]
[Date "2023.11.21"]
[Round "2"]
[White "Taher, Yoseph Theolifus"]
[Black "Erzhanov, Arman"]
[Result "1/2-1/2"]
[Board "38"]
[TimeControl "180+1"]
[WhiteFideId "7105347"]
[BlackFideId "4138821"]
[WhiteElo "2352"]
[BlackElo "2171"]
[WhiteTeam "INA"]
[BlackTeam "KAZ"]
[WhiteClock "0:00:50"]
[BlackClock "0:00:37"]

1. d4 d6 2. e4 Nf6 3. Nc3 c6 4. f4 d5 5. e5 Ng8 6. Bd3 g6 7. Nf3 h5 8. Ng5 Bg4 9. Qd2 e6 10. h3 Bf5 11. Bxf5 gxf5 12. h4 Nh6 13. Ne2 Ng4 14. c3 Nd7 15. Ng3 Be7 16. Qe2 c5 17. Be3 Rc8 18. dxc5 Nxc5 19. O-O-O Qa5 20. Kb1 Qa4 21. Bd4 b5 22. Rhe1 Rc6 23. b3 Qa3 24. Qxb5 Qa6 25. Qxa6 Nxa6 26. Kb2 Kf8 27. Bxa7 Kg7 28. Bd4 Kg6 29. Nf3 Rb8 30. Rc1 Nc5 31. Kc2 Ra8 32. a4 Rb8 33. Rb1 Ra8 34. Ne2 Ne4 35. Ra1 Rac8 36. Rec1 Bb4 37. Kb2 Be7 38. a5 Rb8 39. a6 Ra8 40. a7 Bc5 41. Ra4 Rc7 42. Rca1 Ngf2 43. Kc2 Ng4 44. Ra5 Ne3+ 45. Kd3 Nxg2 46. Rg1 Bxd4 47. Rxg2+ Kh6 48. Nfxd4 Rcxa7 49. Rxa7 Rxa7 50. Ng3 Ra1 51. Nxe4 fxe4+ 52. Ke3 Rh1 53. b4 Rh3+ 54. Kd2 Rxh4 55. b5 Rh1 56. Kc2 Ra1 57. f5 Ra2+ 58. Kb3 Rxg2 59. fxe6 fxe6 60. Nxe6 e3 61. Nf4 Rg8 62. Kc2 Rb8 63. e6 Rxb5 64. e7 Rb8 65. Nxd5 Re8 66. Nf6 Ra8 67. e8=Q Rxe8 68. Nxe8 h4 69. Nf6 Kg5 70. Kd3 h3 71. Kxe3 Kxf6 72. Kf3 Ke5 73. Kg3 Kd5 74. Kxh3 Kc4 75. Kg2 Kxc3 1/2-1/2

[Event "November 21 Late 2023"]
[Site "https://www.chess.com"]
[Date "2023.11.21"]
[Round "2"]
[White "Ferreira, Vitor Hugo Vieira"]
[Black "Gokerkan, Cem Kaan"]
[Result "0-1"]
[Board "39"]
[TimeControl "180+1"]
[WhiteFideId "2119765"]
[BlackFideId "6336760"]
[WhiteElo "2123"]
[BlackElo "2365"]
[WhiteTeam "BRA"]
[BlackTeam "TUR"]
[WhiteClock "0:01:41"]
[BlackClock "0:01:16"]

1. d4 Nf6 2. c4 e6 3. Nf3 b6 4. g3 Ba6 5. b3 b5 6. cxb5 Bxb5 7. Nc3 Ba6 8. Bg2 d5 9. O-O Nbd7 10. Re1 Bb4 11. Bd2 O-O 12. Rc1 c5 13. Na4 Ba3 14. Rc2 cxd4 15. Nxd4 Rc8 16. Nc6 Qe8 17. Nb4 Bb7 18. Rxc8 Qxc8 19. Nc2 Be7 20. Qb1 Bc6 21. Rc1 Qa6 22. Nb4 Bxb4 23. Bxb4 Rb8 24. Bd6 Re8 25. e3 Bxa4 26. bxa4 Qxd6 27. Qb7 Qb6 28. Rc7 Qxb7 29. Rxb7 Ra8 30. Bf1 Nc5 31. Rc7 Nxa4 32. Bb5 Nb6 33. a4 a6 34. Bc6 Rc8 35. Rxc8+ Nxc8 36. Bb7 Nb6 37. a5 Nc4 38. Bxa6 Nxa5 39. Bd3 g6 0-1

[Event "November 21 Late 2023"]
[Site "https://www.chess.com"]
[Date "2023.11.21"]
[Round "2"]
[White "Raja Rithvik R"]
[Black "Vafin, Ayrat"]
[Result "1-0"]
[Board "40"]
[TimeControl "180+1"]
[WhiteFideId "35007394"]
[BlackFideId "4146530"]
[WhiteElo "2395"]
[BlackElo "2317"]
[WhiteTeam "IND"]
[BlackTeam "RUS"]
[WhiteClock "0:00:34"]
[BlackClock "0:00:02"]

1. Nf3 d5 2. d4 Nf6 3. c4 e6 4. Nc3 Be7 5. cxd5 exd5 6. Bg5 c6 7. e3 Bf5 8. Be2 O-O 9. O-O Nbd7 10. Rc1 Ne4 11. Bf4 Nxc3 12. bxc3 b5 13. Nd2 Nb6 14. Qb3 Bd6 15. Bxd6 Qxd6 16. Qb4 Qg6 17. Nb3 Be4 18. f3 Bd3 19. Bxd3 Qxd3 20. Rfe1 Rfe8 21. Rcd1 Qg6 22. Nc5 Qc2 23. Qb3 Qxb3 24. axb3 a5 25. Ra1 a4 26. Kf2 axb3 27. Nxb3 Na4 28. Rec1 Nb2 29. Rcb1 Nd3+ 30. Ke2 Nf4+ 31. Kf1 Ng6 32. Nc5 Kf8 33. e4 dxe4 34. fxe4 Ke7 35. g3 Kd6 36. Ke2 f6 37. Kd3 Ne7 38. c4 bxc4+ 39. Kxc4 Ng6 40. Rb7 Nf8 41. Rxa8 Rxa8 42. Rxg7 Ra1 43. Rf7 Ng6 44. Rd7# 1-0

[Event "November 21 Late 2023"]
[Site "https://www.chess.com"]
[Date "2023.11.21"]
[Round "2"]
[White "Eljanov, Pavel"]
[Black "Tifferet, Shaked"]
[Result "1-0"]
[Board "41"]
[TimeControl "180+1"]
[WhiteFideId "14102951"]
[BlackFideId "2811529"]
[WhiteElo "2598"]
[BlackElo "2142"]
[WhiteTeam "UKR"]
[BlackTeam "ISR"]
[WhiteClock "0:00:41"]
[BlackClock "0:00:00"]

1. d4 Nf6 2. Bf4 e6 3. e3 b6 4. c4 Bb7 5. Nc3 Bb4 6. Qc2 O-O 7. Ne2 c5 8. Bd6 Re8 9. a3 cxd4 10. axb4 dxc3 11. Nxc3 Nc6 12. Bd3 a5 13. bxa5 Rxa5 14. O-O Rg5 15. f3 e5 16. Ne4 Nxe4 17. Bxe4 f5 18. Bd5+ Kh8 19. Rad1 Qf6 20. c5 bxc5 21. Qxc5 f4 22. e4 Rh5 23. b4 Qh4 24. h3 Rg5 25. Kh1 Rxg2 26. Kxg2 Qg3+ 27. Kh1 Qxh3+ 28. Kg1 Qg3+ 29. Kh1 Nd4 30. Rd2 Qh3+ 31. Kg1 Nxf3+ 32. Rxf3 Qxf3 33. Qf2 Qg4+ 34. Qg2 1-0

[Event "November 21 Late 2023"]
[Site "https://www.chess.com"]
[Date "2023.11.21"]
[Round "2"]
[White "Beerdsen, Thomas"]
[Black "Elgersma, Onno"]
[Result "1-0"]
[Board "42"]
[TimeControl "180+1"]
[WhiteFideId "1030108"]
[BlackFideId "1053531"]
[WhiteElo "2550"]
[BlackElo "2251"]
[WhiteTeam "NED"]
[BlackTeam "NED"]
[WhiteClock "0:01:35"]
[BlackClock "0:00:00"]

1. e4 g6 2. d4 d6 3. Nc3 Bg7 4. Bg5 Nc6 5. Nf3 Bg4 6. d5 Bxf3 7. gxf3 Nb8 8. Qd2 h6 9. Be3 Nf6 10. O-O-O c6 11. dxc6 Nxc6 12. Kb1 Rc8 13. f4 Qa5 14. f3 O-O 15. f5 Ne5 16. Be2 h5 17. Rhg1 Qb4 18. a3 Qa5 19. Nd5 Qd8 20. Nxf6+ Bxf6 21. f4 Ng4 22. Bxg4 hxg4 23. Rxg4 Rc4 24. fxg6 Rxe4 25. gxf7+ Kh7 26. Qd3 d5 27. Bd4 Bh4 28. Rxh4+ Kg6 29. f5+ Kxf5 30. Rf1+ Ke6 31. Rxe4+ dxe4 32. Qxe4+ Kd7 33. Qxb7+ Qc7 34. Qxc7+ Kxc7 35. Bg7 Rg8 36. f8=B 1-0

[Event "November 21 Late 2023"]
[Site "https://www.chess.com"]
[Date "2023.11.21"]
[Round "2"]
[White "Gavrilov, Maxim"]
[Black "Mitrabha, Guha"]
[Result "1-0"]
[Board "43"]
[TimeControl "180+1"]
[WhiteFideId "24271454"]
[BlackFideId "5057000"]
[WhiteElo "2157"]
[BlackElo "2512"]
[WhiteTeam "RUS"]
[BlackTeam "IND"]
[WhiteClock "0:00:19"]
[BlackClock "0:00:50"]

1. d4 Nf6 2. c4 c5 3. d5 e6 4. Nc3 exd5 5. cxd5 d6 6. e4 a6 7. Bd3 b5 8. h3 g6 9. Nf3 Bg7 10. O-O O-O 11. Re1 Nbd7 12. Bf4 Ne8 13. Rc1 Qe7 14. a3 Bb7 15. Bh2 Rc8 16. Bb1 c4 17. Nd4 Nc5 18. Nc6 Bxc6 19. dxc6 Rxc6 20. Nd5 Qd8 21. Qf3 Nc7 22. Rcd1 N7e6 23. e5 dxe5 24. Nf6+ Qxf6 25. Qxc6 e4 26. Bxe4 Qxb2 27. Bd5 Nd3 28. Rf1 Nd4 29. Qxa6 Ne2+ 30. Kh1 Nc3 31. Bd6 Nxd5 32. Bxf8 Bxf8 33. a4 Nc3 34. Ra1 Nxf2+ 35. Kg1 bxa4 36. Qxc4 Nfe4 37. Qxf7+ 1-0

[Event "November 21 Late 2023"]
[Site "https://www.chess.com"]
[Date "2023.11.21"]
[Round "2"]
[White "Prithu Gupta"]
[Black "Bazeev, German"]
[Result "0-1"]
[Board "44"]
[TimeControl "180+1"]
[WhiteFideId "46618546"]
[BlackFideId "24119350"]
[WhiteElo "2344"]
[BlackElo "2418"]
[WhiteTeam "IND"]
[BlackTeam "RUS"]
[WhiteClock "0:00:00"]
[BlackClock "0:01:13"]

1. d4 Nf6 2. c4 e6 3. Nf3 b6 4. Nc3 Bb4 5. Bd2 Bb7 6. e3 O-O 7. Bd3 h6 8. Qc2 d6 9. O-O-O a5 10. e4 Bxc3 11. Bxc3 d5 12. cxd5 exd5 13. e5 Ne4 14. g4 Na6 15. Kb1 Nb4 16. Bxb4 axb4 17. h4 Qb8 18. g5 Qa7 19. Qb3 h5 20. Rhf1 c5 21. Bxe4 c4 22. Qxb4 Qxa2+ 23. Kc2 dxe4 24. Nd2 c3 25. Ra1 Qe6 26. bxc3 Qf5 27. Nc4 e3+ 28. Kb3 Rxa1 29. Rxa1 exf2 30. Nd6 Qe6+ 31. c4 Bg2 32. d5 Qxe5 33. g6 fxg6 34. Ra7 f1=Q 0-1

[Event "November 21 Late 2023"]
[Site "https://www.chess.com"]
[Date "2023.11.21"]
[Round "2"]
[White "Maksimovic, Bojan"]
[Black "Van Dael, Siem"]
[Result "1-0"]
[Board "45"]
[TimeControl "180+1"]
[WhiteFideId "14408120"]
[BlackFideId "1049771"]
[WhiteElo "2546"]
[BlackElo "2252"]
[WhiteTeam "BIH"]
[BlackTeam "NED"]
[WhiteClock "0:00:08"]
[BlackClock "0:00:00"]

1. a3 g6 2. e4 Bg7 3. d4 d6 4. Nc3 Nd7 5. Be3 b6 6. h4 h5 7. Qd2 Ngf6 8. f3 c5 9. Nh3 Bb7 10. d5 Ne5 11. Ng5 a6 12. Rd1 b5 13. b3 Qa5 14. a4 b4 15. Ne2 c4 16. Nf4 Rc8 17. Bd4 Nfd7 18. Qf2 cxb3 19. cxb3 Rc3 20. Bxc3 bxc3 21. Qc2 O-O 22. Be2 Qb6 23. Rb1 Rc8 24. Kf1 Qe3 25. g3 Bf6 26. Ng2 Qb6 27. f4 Ng4 28. Bxg4 hxg4 29. Re1 a5 30. Ne3 Nc5 31. Nxg4 Nxb3 32. Rb1 Qa6+ 33. Kg2 Nd4 34. Qf2 Bg7 35. Rbc1 c2 36. Ne3 Qd3 37. Rhe1 Nb3 38. Rxc2 Bd4 39. Rxc8+ Bxc8 40. Qc2 Qxc2+ 41. Nxc2 Bc3 42. Rb1 1-0

[Event "November 21 Late 2023"]
[Site "https://www.chess.com"]
[Date "2023.11.21"]
[Round "2"]
[White "Pakleza, Zbigniew"]
[Black "The_Straightforward_Rook"]
[Result "1-0"]
[Board "46"]
[TimeControl "180+1"]
[WhiteFideId "1119290"]
[WhiteElo "2410"]
[BlackElo "2532"]
[WhiteTeam "POL"]
[WhiteClock "0:00:43"]
[BlackClock "0:00:40"]

1. d4 Nf6 2. Nf3 e6 3. Bf4 d5 4. e3 Bd6 5. Bg3 c5 6. c3 Qc7 7. Nbd2 Nbd7 8. Be2 O-O 9. c4 Bxg3 10. hxg3 dxc4 11. Nxc4 b6 12. Rc1 Rd8 13. O-O Nf8 14. Qb3 Ne4 15. Bd3 Bb7 16. Qc2 f5 17. Nce5 Rac8 18. b4 Qe7 19. bxc5 bxc5 20. Qa4 cxd4 21. exd4 Bd5 22. Ba6 Rc7 23. Qa5 Rb7 24. Bxb7 Qxb7 25. Qxd8 1-0

[Event "November 21 Late 2023"]
[Site "https://www.chess.com"]
[Date "2023.11.21"]
[Round "2"]
[White "Pinto, Daniel"]
[Black "Szpar, Milosz"]
[Result "1-0"]
[Board "47"]
[TimeControl "180+1"]
[WhiteFideId "3303144"]
[BlackFideId "1184989"]
[WhiteElo "2149"]
[BlackElo "2446"]
[WhiteTeam "BOL"]
[BlackTeam "POL"]
[WhiteClock "0:00:06"]
[BlackClock "0:00:05"]

1. e4 e6 2. d4 d5 3. Nd2 Be7 4. Ngf3 Nf6 5. Bd3 c5 6. exd5 Qxd5 7. dxc5 O-O 8. Nb3 Nbd7 9. O-O e5 10. Be2 Qc6 11. Re1 Qc7 12. Bd3 Bxc5 13. Nxc5 Qxc5 14. Qe2 Re8 15. Ng5 h6 16. Ne4 Nxe4 17. Bxe4 Nf6 18. c3 Bg4 19. Bf3 Bf5 20. Be3 Qc7 21. g3 e4 22. Bg2 Bg4 23. Qb5 a6 24. Qb3 Bf3 25. Qb6 Qd7 26. Qd4 Qf5 27. Qc5 Re5 28. Qc7 Bxg2 29. Kxg2 Qf3+ 30. Kg1 Rh5 31. Qf4 Qg4 32. Qxg4 Nxg4 33. Bd4 Nxh2 34. Rxe4 Nf3+ 35. Kg2 Ng5 36. Re5 g6 37. Rae1 Ne6 38. Rxh5 gxh5 39. Be3 Kh7 40. Rd1 Rc8 41. Rd7 Kg6 42. Rxb7 Rc6 43. Rb6 Rc4 44. Rxa6 h4 45. Rb6 Ra4 46. a3 Kh5 47. Rb4 Ra5 48. Rxh4+ Kg6 49. Rxh6+ Kf5 50. Rh5+ Ke4 51. Rxa5 Kd3 52. Rf5 Kc2 53. Rxf7 Kxb2 54. Re7 Nd8 55. Rd7 Nc6 56. Rb7+ Kxa3 57. c4 Ka4 58. c5 Ne5 59. Rb6 Nd3 60. g4 Ne1+ 61. Kg3 Nd3 62. g5 Ne5 63. Kf4 1-0

[Event "November 21 Late 2023"]
[Site "https://www.chess.com"]
[Date "2023.11.21"]
[Round "2"]
[White "Vasquez Schroeder, Rodrigo"]
[Black "D`Arruda, Ricardo D."]
[Result "1-0"]
[Board "48"]
[TimeControl "180+1"]
[WhiteFideId "3400042"]
[BlackFideId "100692"]
[WhiteElo "2582"]
[BlackElo "2529"]
[WhiteTeam "CHI"]
[BlackTeam "ARG"]
[WhiteClock "0:00:19"]
[BlackClock "0:00:00"]

1. e4 c5 2. Nf3 Nc6 3. Bb5 g6 4. c3 Bg7 5. d4 cxd4 6. cxd4 a6 7. Ba4 b5 8. Bb3 Na5 9. Bc2 Nf6 10. O-O Bb7 11. Re1 O-O 12. Nbd2 Rc8 13. a3 d6 14. Bd3 Nc4 15. Nf1 Qb6 16. b3 Na5 17. Bb2 d5 18. e5 Ne4 19. Ng3 Nxg3 20. hxg3 e6 21. g4 h6 22. Rb1 Nc6 23. Qd2 Rfe8 24. g3 b4 25. a4 a5 26. Qe2 Nb8 27. Kg2 Ba6 28. Rbc1 Bxd3 29. Qxd3 Qa6 30. Qxa6 Nxa6 31. Kf1 Bf8 32. Ke2 Be7 33. Kd3 Kg7 34. Rh1 Nb8 35. Ng1 Nd7 36. f4 Nb6 37. Ne2 Rxc1 38. Bxc1 Rc8 39. f5 gxf5 40. Bxh6+ Kg8 41. gxf5 exf5 42. Rh5 1-0

[Event "November 21 Late 2023"]
[Site "https://www.chess.com"]
[Date "2023.11.21"]
[Round "2"]
[White "Hajiyev, Kanan"]
[Black "Xu, Yi"]
[Result "0-1"]
[Board "49"]
[TimeControl "180+1"]
[WhiteFideId "13404148"]
[BlackFideId "8605564"]
[WhiteElo "2102"]
[BlackElo "2460"]
[WhiteTeam "AZE"]
[BlackTeam "CHN"]
[WhiteClock "0:00:00"]
[BlackClock "0:01:32"]

1. d4 Nf6 2. Nf3 d5 3. c4 e6 4. cxd5 exd5 5. Nc3 Bb4 6. Qc2 O-O 7. Bg5 h6 8. Bh4 c5 9. a3 Bxc3+ 10. bxc3 g5 11. Bg3 Ne4 12. e3 Bf5 13. Qb2 Qb6 14. Qc1 Nc6 15. Be2 cxd4 16. exd4 Na5 17. Rb1 Qe6 18. Kf1 Rac8 19. Rb5 Nxc3 20. Qd2 Nxb5 0-1

[Event "November 21 Late 2023"]
[Site "https://www.chess.com"]
[Date "2023.11.21"]
[Round "2"]
[White "Stoyanov, Tsvetan"]
[Black "Kuegel, Tobias"]
[Result "1-0"]
[Board "50"]
[TimeControl "180+1"]
[WhiteFideId "2917173"]
[BlackFideId "4636295"]
[WhiteElo "2390"]
[BlackElo "2213"]
[WhiteTeam "BUL"]
[BlackTeam "GER"]
[WhiteClock "0:00:16"]
[BlackClock "0:00:00"]

1. Nf3 d5 2. g3 Nf6 3. Bg2 e6 4. O-O Be7 5. d4 O-O 6. c4 dxc4 7. Qc2 a6 8. a4 Bd7 9. Qxc4 Bc6 10. Nc3 b5 11. Qb3 b4 12. Nb1 Bd5 13. Qd1 c5 14. dxc5 Nbd7 15. Be3 Bxc5 16. Bxc5 Nxc5 17. Nbd2 a5 18. Qe1 Qb6 19. Nh4 Bxg2 20. Nxg2 Rfd8 21. Ne3 Nfe4 22. Ndc4 Qa6 23. f3 Nd6 24. Nd2 Qb6 25. Qf2 Rab8 26. Nec4 Nxc4 27. Nxc4 Qa7 28. Rad1 Qc7 29. Qe3 Nxa4 30. Rc1 Qc5 31. Qxc5 Nxc5 32. Nxa5 Rb5 33. Nc6 Rd2 34. Rfd1 Rxd1+ 35. Rxd1 g6 36. Ne5 b3 37. Rd8+ Kg7 38. Rc8 Na4 39. Nd3 Rb7 40. Rc4 Ra7 41. Rb4 Kf6 42. Rxb3 Ra6 43. Rb4 Nb6 44. Kf2 Ra1 45. Rxb6 1-0

[Event "November 21 Late 2023"]
[Site "https://www.chess.com"]
[Date "2023.11.21"]
[Round "2"]
[White "Olsson, Linus"]
[Black "Ghasi, Ameet K"]
[Result "1-0"]
[Board "52"]
[TimeControl "180+1"]
[WhiteFideId "1706098"]
[BlackFideId "409200"]
[WhiteElo "2222"]
[BlackElo "2558"]
[WhiteTeam "SWE"]
[BlackTeam "ENG"]
[WhiteClock "0:00:31"]
[BlackClock "0:00:02"]

1. d4 g6 2. c4 Bg7 3. Nc3 d6 4. e4 a6 5. Nf3 Bg4 6. Be2 Nc6 7. d5 Bxf3 8. Bxf3 Nd4 9. Be3 c5 10. dxc6 Nxc6 11. O-O Nf6 12. Rc1 O-O 13. Qd2 Rc8 14. Be2 Qa5 15. Rfd1 Rfd8 16. f3 e6 17. b3 Ne5 18. Bf1 h5 19. Na4 Qxd2 20. Rxd2 b5 21. Nb6 Rc6 22. c5 d5 23. Rcd1 Re8 24. exd5 exd5 25. Bf2 Bh6 26. Rd4 Rxc5 27. Nxd5 Nxd5 28. Rxd5 Rc2 29. a4 bxa4 30. bxa4 Re6 31. Rd6 Rxd6 32. Rxd6 Bf4 33. Rxa6 Bxh2+ 34. Kxh2 Rxf2 35. Bb5 h4 36. Kh3 g5 37. Ra8+ Kg7 38. a5 Rb2 39. Rb8 Rb1 40. Kh2 Rb2 41. Kh3 Ng6 42. a6 Ra2 43. Rb7 Nf4+ 44. Kh2 Kg6 45. a7 Rxg2+ 46. Kh1 Ra2 47. Rb6+ Kh5 48. Ra6 Rb2 49. a8=Q Rxb5 50. Qh8# 1-0

[Event "November 21 Late 2023"]
[Site "https://www.chess.com"]
[Date "2023.11.21"]
[Round "2"]
[White "BardArtem"]
[Black "Richter, Paul"]
[Result "0-1"]
[Board "53"]
[TimeControl "180+1"]
[BlackFideId "2046350"]
[WhiteElo "2807"]
[BlackElo "2520"]
[BlackTeam "USA"]
[WhiteClock "0:00:00"]
[BlackClock "0:00:18"]

1. e4 c5 2. c3 g6 3. d4 cxd4 4. cxd4 d5 5. e5 Nc6 6. Nc3 Nh6 7. h3 Bg7 8. Nf3 O-O 9. Bb5 f6 10. Bxc6 bxc6 11. O-O Nf7 12. exf6 exf6 13. Bf4 Re8 14. Qd2 Nd6 15. Rfe1 Ne4 16. Qc2 Bf5 17. Nh4 Bd7 18. Bh2 g5 19. Nf3 Bf5 20. Nxe4 dxe4 21. Nd2 Qxd4 22. Rad1 e3 23. Qb3+ Be6 24. Qxe3 Qxe3 25. Rxe3 Bxa2 26. Ra3 Bd5 27. Rda1 f5 28. Rb1 Re2 29. Nf1 Rxb2 30. Re1 f4 31. h4 Bd4 32. Kh1 Bxf2 33. Re5 Bxh4 34. Ra5 h6 0-1

[Event "November 21 Late 2023"]
[Site "https://www.chess.com"]
[Date "2023.11.21"]
[Round "2"]
[White "Troff, Kayden"]
[Black "Mazurkiewicz, Michal"]
[Result "1-0"]
[Board "54"]
[TimeControl "180+1"]
[WhiteFideId "2047896"]
[BlackFideId "1124943"]
[WhiteElo "2544"]
[BlackElo "2124"]
[WhiteTeam "USA"]
[BlackTeam "POL"]
[WhiteClock "0:00:14"]
[BlackClock "0:00:00"]

1. d4 Nf6 2. Nf3 g6 3. Bg5 Bg7 4. Nc3 d5 5. Bxf6 Bxf6 6. e4 dxe4 7. Nxe4 Bg7 8. c3 O-O 9. Bc4 e6 10. O-O b6 11. Qe2 Bb7 12. h4 h6 13. h5 g5 14. Rad1 Bd5 15. Bd3 Bxa2 16. c4 Bb3 17. Ra1 b5 18. cxb5 Bd5 19. Nc3 Bb7 20. Rfd1 Nd7 21. Bc2 Nf6 22. Ne5 Nd5 23. Nc6 Bxc6 24. bxc6 Nxc3 25. bxc3 Qd6 26. Qc4 a5 27. Ra2 Rfb8 28. Rda1 Bf8 29. g3 Rb6 30. Rxa5 Rxa5 31. Rxa5 Rxc6 32. Qd3 f5 33. d5 Rb6 34. dxe6 Qxd3 35. Bxd3 f4 36. gxf4 gxf4 37. Rf5 Bd6 38. Rf7 f3 39. Rxf3 Be5 40. Bc4 Rc6 41. e7+ Rxc4 42. e8=Q+ 1-0